 Dungeon Crawl Stone Soup version 0.31-a0-216-g22e908daa7 (webtiles) character file.

Game seed: 16113186160781166594

37 qw the Chopper (level 3, -2/23 HPs)
             Began as a Gargoyle Fighter on July 2, 2023.
             Slain by a gnoll
             ... wielding a +0 club
              (4 damage)
             ... on level 2 of the Dungeon.
             The game lasted 00:00:30 (899 turns).

qw the Chopper (Gargoyle Fighter)                    Turns: 899, Time: 00:00:30

Health: -2/23      AC: 14    Str: 21    XL:     3   Next: 39%
Magic:  3/3        EV:  9    Int:  8    God:
Gold:   89         SH:  4    Dex:  9    Spells: 2/2 levels left

rFire   . . .        Y - +0 war axe
rCold   . . .        c - +0 buckler
rNeg    + . .        b - +0 scale mail
rPois   inf          (no helmet)
rElec   +            (no cloak)
rCorr   .            (no gloves)
SInv    +            (no boots)
Will    .....        (no amulet) Stlth
                     h - ring of see invisible
HPRegen 0.23/turn    k - +4 ring of protection
MPRegen 0.08/turn

%: no passive effects
@: no status effects
A: sickness immunity, AC +3, negative energy resistance 1, electricity
resistance, torment resistance 1, petrification resistance
a: no special abilities


You were on level 2 of the Dungeon.
You visited 1 branch of the dungeon, and saw 2 of its levels.

You collected 89 gold pieces.


Innate Abilities, Weirdness & Mutations

You are immune to sickness and miasma.
Your stone body is resilient. (AC +3)
You are immune to poison.
You resist negative energy. (rN+)
You are resistant to electric shocks. (rElec)
You are resistant to unholy torment.
You are immune to petrification.


   Skills:
 - Level 3.2 Fighting
 + Level 3.3 Axes
 - Level 3.2 Armour
 - Level 3.2 Shields


You had 2 spell levels left.
You didn't know any spells.
Your spell library was empty.

Inventory:

Hand Weapons
 g - the +6 mace of Ystryet {protect, *Noise rElec Str+2 SInv}
   (You found it on level 2 of the Dungeon)

   Str:       It affects your strength (+2).
   rElec:     It insulates you from electricity.
   SInv:      It lets you see invisible.
   *Noise:    It may make noises in combat.
 Y - a +0 war axe (weapon)
Armour
 b - a +0 scale mail (worn)
 c - a +0 buckler (worn)
Jewellery
 a - an amulet of faith
 h - a ring of see invisible (left hand)
 k - a +4 ring of protection (right hand)
Scrolls
 e - a scroll of enchant armour {unknown}
Potions
 d - 2 potions of might
 j - a potion of curing {unknown}

Dungeon Overview and Level Annotations

Branches:
Dungeon (2/15)

Altars:


Message History

Enter note:
Enter note: A gnoll comes into view. It is wielding a +0 spear.
The gnoll hits you but does no damage.
Enter note: The gnoll shouts!
You hit the gnoll.
The gnoll is moderately wounded.
The gnoll closely misses you. The gnoll hits you but does no damage.
You barely miss the gnoll.
The gnoll is moderately wounded.
The gnoll barely misses you. The gnoll hits you with a +0 flail!
The gnoll hits you but does no damage. x2
You barely miss the gnoll.
The gnoll is moderately wounded.
The gnoll closely misses you. The gnoll completely misses you.
You barely miss the gnoll.
The gnoll is moderately wounded.
The gnoll hits you but does no damage. The gnoll barely misses you.
You hit the gnoll.
The gnoll is severely wounded.
The gnoll completely misses you. You block the gnoll's attack.
The gnoll barely misses you. The gnoll hits you with a +0 flail.
You slash the gnoll!
You kill the gnoll!
The gnoll hits you but does no damage.
You barely miss the gnoll. The gnoll barely misses you.
The gnoll hits you but does no damage. x2
The gnoll hits you from afar with a +0 halberd!
The gnoll barely misses you. You block the gnoll's attack.
You closely miss the gnoll. The gnoll barely misses you.
You block the gnoll's attack.
The gnoll hits you from afar with a +0 spear.
You closely miss the gnoll. The gnoll hits you but does no damage.
You block the gnoll's attack. The gnoll hits you but does no damage.
You hit the gnoll but do no damage. You block the gnoll's attack.
The gnoll barely misses you. x3
The gnoll hits you but does no damage. The gnoll hits you with a +0 club.
You die...

##.##############
#......# #.#....#
#......###
###......#
#.#.##.# #.#.##.#
....##.#
#..####@# #.. #g#
#.


gg# #. .... ###.. #..# #... #..# You could see 3 gnolls.

Vanquished Creatures
  A gnoll (D:2)
  A worm (D:1)
  2 bats (D:1)
  2 endoplasms (D:2)
  2 giant cockroaches
  A goblin (D:1)
  4 hobgoblins (D:1)
  4 kobolds
  5 ball pythons
  A frilled lizard (D:1)
23 creatures vanquished.

Notes
Turn   | Place    | Note
-------+----------+-------------------------------------------
     0 | D:1      | qw the Gargoyle Fighter began the quest for the Orb.
     0 | D:1      | Reached XP level 1. HP: 14/14 MP: 1/1
     0 | D:1      | 0 ||| qw: Version: 0.3-a-35-g05ef00e
     0 | D:1      | 0 ||| qw: Game counter: 7834
     0 | D:1      | 0 ||| qw: Melee chars always use a shield: true
     0 | D:1      | 0 ||| qw: God list: Okawaru
     0 | D:1      | 0 ||| qw: Allow faded altars: false
     0 | D:1      | 0 ||| qw: Do Orc after clearing Dungeon:15 true
     0 | D:1      | 0 ||| qw: Do second Lair branch before Depths: true
     0 | D:1      | 0 ||| qw: Lair rune preference: random
     0 | D:1      | 0 ||| qw: Goals: Normal, Zot:1-4, Slime:5, God:TSO, Crypt,
                  | Tomb, Abyss, Pan, Hells, Win
     0 | D:1      | 0 ||| PLANNING D:1-11
    99 | D:1      | 99 ||| DROPPING +0 club.
   201 | D:1      | Reached XP level 2. HP: 17/19 MP: 2/2
   286 | D:1      | 286 ||| Stepping ~*~*~tactically~*~*~ (stealth).
   769 | D:1      | 769 ||| UPGRADING to ring of see invisible.
   770 | D:1      | 770 ||| UPGRADING to +4 ring of protection.
   771 | D:1      | 771 ||| READING scroll labelled YWKARA PELIJA.
   771 | D:1      | Identified a scroll of acquirement
   771 | D:1      | 771 ||| ACQUIRING amulet of faith
   771 | D:1      | Acquired an amulet of faith
   773 | D:1      | 773 ||| READING scroll labelled CISKAHUQIA.
   774 | D:1      | 774 ||| READING scroll labelled UMIUXI BOINUNA.
   779 | D:1      | 779 ||| READING scroll labelled CENAZXY MOSHAR.
   780 | D:1      | 780 ||| READING scroll labelled SEWNAI KAKHLUU.
   799 | D:2      | Reached skill level 3 in Axes
   818 | D:2      | Reached XP level 3. HP: 23/23 MP: 3/3
   837 | D:2      | 837 ||| DROPPING +0 whip.
   849 | D:2      | Identified the +6 mace of Ystryet {protect, *Noise rElec
                  | Str+2 SInv}
   851 | D:2      | 851 ||| DROPPING +0 mace.
   897 | D:2      | HP: 1/23 [gnoll/+0 spear (5)]
   899 | D:2      | Slain by a gnoll

Levels and vault maps discovered:
D:1:      dpeg_arrival_brainrot, layout_loops_ring
D:2:      layout_loops_cross, dilly_ecumenical_altar_fadedgnrine

Skill      XL: |  1  2 |
---------------+-------+-----
Axes           | 2 3 |  3.3
Fighting       | |  3.2
Armour         | |  3.2
Shields        | |  3.2

Action                     || total
---------------------------++-------
  Melee: War axe           ||    76
    Use: Scroll            ||     5
 Armour: Scale mail        ||    44
  Dodge: Dodged            ||    43
  Block: Buckler           ||    20

Table legend:
 A = Non-vault XP
 B = Vault XP
 C = Vault XP percentage of total XP
 D = Non-vault monster count
 E = Vault monster count
 F = Vault count percentage of total count
                 A         B        C        D         E       F
            +---------+---------+-------+---------+---------+-------
      Total |      48 |       5 |   9.4 |      22 |       1 |   4.3
            +---------+---------+-------+---------+---------+-------
        D:1 |      23 |       5 |  17.9 |      15 |       1 |   6.2
        D:2 |      25 |       0 |   0.0 |       7 |       0 |   0.0
            +---------+---------+-------+---------+---------+-------
